AoeStats
← Jobington

Glade

510348332Analyzed
1v1 RM · 2d ago on Sep 30, 2026· 33m 43s· 2 players
Game mode
Random Map
Map size
Tiny (2 player)
Population
200
Speed
Normal
Resources
Standard
Victory
Conquest
Starting age
Dark Age
Ending age
Imperial Age
RankedLock teamsTeams togetherTeam positionsShared explorationLock speedFull tech treeHidden civsTurbo modeCheats
Victory
Defeat
🇬🇧 Mongols · United Kingdom
1064
+17
🇺🇸 Varangians · United States
1088
-17
Jobington
5:21 Loom
8:50 Feudal Age
16:11 Forging
18:17 Double-Bit Axe
18:38 Horse Collar
21:36 Castle Age
21:21 Bloodlines
22:36 Scale Barding Armor
27:53 Chain Barding Armor
28:14 Iron Casting
28:04 Gold Mining
28:06 Stone Mining
28:24 Husbandry
some.spiced.ham
11:06 Loom
13:23 Feudal Age
16:56 Double-Bit Axe
19:32 Forging
22:12 Castle Age
20:26 Scale Barding Armor
20:13 Man-at-Arms
21:34 Arson
22:06 Scale Mail Armor
22:30 Stone Mining
22:55 Bloodlines
22:15 Elite Skirmisher
24:20 Bow Saw
24:56 Fletching
28:20 Wheelbarrow
27:30 Town Watch
30:09 Hand Cart
31:05 Vendel Legacy
34:50 Imperial Age
Connection lost

Rejoining the realm…

Still unreachable

The connection could not be restored.

Session expired

The server has moved on; the page needs a fresh start.